AoeStats
← |GaoeG| flamingo

MegaRandom

508708007Analyzed
3v3 RM · 8d ago on Sep 23, 2026· 54m 36s· 6 players
Game mode
Random Map
Map size
Normal (6 player)
Population
200
Speed
Normal
Resources
Standard
Victory
Conquest
Starting age
Dark Age
Ending age
Imperial Age
RankedLock teamsTeams togetherTeam positionsShared explorationLock speedFull tech treeHidden civsTurbo modeCheats
Victory
Defeat
🇬🇧 Saxons · United Kingdom
1110
+14
🇩🇪 Varangians · Germany
1095
+16
🇷🇺 Armenians · Russia
1089
+15
🇪🇸 Saracens · Spain
1280
-22
🇪🇸 Vietnamese · Spain
1170
-18
🇪🇸 Franks · Spain
770
-5
ErafaE
6:08 Loom
9:49 Feudal Age
10:33 Double-Bit Axe
13:40 Wheelbarrow
19:33 Castle Age
17:59 Gold Mining
19:06 Horse Collar
20:47 Bow Saw
24:15 Heavy Plow
25:54 Hand Cart
27:06 Ballistics
28:38 Town Watch
29:00 Fletching
29:11 Padded Archer Armor
33:36 Imperial Age
35:46 Two-Man Saw
35:18 Crop Rotation
35:02 Bodkin Arrow
35:22 Leather Archer Armor
36:03 Bracer
37:50 Ring Archer Armor
38:24 Chemistry
37:21 Heavy Cavalry Archer
41:00 Paper Money
40:56 Forging
41:40 Thumb Ring
43:44 Elite Skirmisher
51:02 Pikeman
51:06 Imperial Skirmisher
53:45 Halberdier
54:34 Scale Mail Armor
|GaoeG| flamingo
7:00 Loom
9:50 Feudal Age
11:09 Double-Bit Axe
11:52 Horse Collar
14:41 Forging
21:01 Castle Age
18:55 Gold Mining
19:59 Stone Mining
21:14 Bloodlines
22:18 Wheelbarrow
21:56 Bow Saw
21:48 Heavy Plow
23:21 Gold Shaft Mining
23:01 Scale Barding Armor
23:51 Husbandry
24:21 Chain Barding Armor
28:28 Hand Cart
31:58 Town Watch
36:31 Imperial Age
37:30 Iron Casting
37:08 Light Cavalry
37:10 Elite Mameluke
38:11 Conscription
38:29 Plate Barding Armor
39:08 Hussar
40:52 Blast Furnace
49:03 Fletching
52:26 Bodkin Arrow
claran33
9:31 Feudal Age
10:53 Wheelbarrow
11:29 Double-Bit Axe
16:40 Gold Mining
20:50 Castle Age
22:33 Bow Saw
22:40 Hand Cart
24:18 Forging
24:14 Scale Barding Armor
24:29 Stone Mining
24:58 Husbandry
27:12 Chain Barding Armor
29:16 Gold Shaft Mining
33:08 Iron Casting
38:09 Imperial Age
38:16 Cavalier
39:35 Plate Barding Armor
40:00 Blast Furnace
42:56 Paladin
49:47 Onager
theotherside
10:46 Feudal Age
11:03 Loom
11:51 Double-Bit Axe
15:03 Castle Age
21:37 Horse Collar
23:30 Town Watch
24:56 Wheelbarrow
24:54 Heavy Plow
26:30 Fletching
27:14 Bow Saw
27:47 Bloodlines
29:02 Hand Cart
29:31 Scale Barding Armor
30:30 Gold Mining
31:22 Forging
31:18 Stone Mining
32:29 Chain Barding Armor
32:18 Bodkin Arrow
36:09 Imperial Age
37:10 Iron Casting
36:14 Cavalier
37:27 Conscription
39:18 Stone Shaft Mining
38:57 Vendel Legacy
40:21 Masonry
41:34 Crop Rotation
42:03 Plate Barding Armor
44:12 Blast Furnace
43:13 Bracer
46:46 Architecture
45:58 Treadmill Crane
47:22 Architecture
46:55 Scale Mail Armor
46:22 Elite Varangian Guard
47:31 Siege Engineers
50:29 Chemistry
49:46 Chain Mail Armor
49:24 Gothikon
51:54 Squires
52:27 Plate Mail Armor
emblazon3d
12:28 Feudal Age
13:27 Double-Bit Axe
13:58 Loom
16:32 Castle Age
14:39 Horse Collar
16:57 Forging
17:38 Wheelbarrow
17:26 Husbandry
18:21 Bow Saw
19:16 Heavy Plow
20:15 Town Watch
22:39 Gold Mining
24:05 Hand Cart
25:05 Gold Shaft Mining
24:20 Stone Mining
24:28 Stone Mining
27:28 Fletching
29:49 Iron Casting
29:17 Scale Mail Armor
30:22 Town Patrol
31:46 Chain Mail Armor
30:53 Man-at-Arms
31:19 Gambesons
31:34 Squires
31:39 Bodkin Arrow
31:44 Padded Archer Armor
34:24 Imperial Age
31:58 Long Swordsman
32:16 Pikeman
32:42 Arson
32:53 Treadmill Crane
33:35 Ballistics
33:26 Masonry
33:45 Scale Barding Armor
34:50 Chain Barding Armor
34:35 Guard Tower
35:35 Conscription
35:56 Hoardings
35:26 Murder Holes
36:32 Chemistry
36:10 Plate Mail Armor
37:27 Crop Rotation
37:58 Two-Man Saw
36:22 Two-Handed Swordsman
38:52 Guilds
38:06 Champion
38:59 Shield Wall
40:09 Caravan
41:18 Bracer
41:34 Leather Archer Armor
42:05 Architecture
42:03 Elite Hearth Troop
42:12 Elite Varangian Guard
47:25 Coinage
47:40 Ring Archer Armor
50:01 Siege Engineers
50:01 Sappers
49:53 Clerical Recruitment
51:16 Halberdier
52:12 Thumb Ring
51:39 Cranequins
53:46 Crossbowman
55:09 Banking
rudalex2006
8:10 Loom
12:07 Feudal Age
17:05 Castle Age
16:40 Scale Mail Armor
16:52 Forging
16:32 Double-Bit Axe
21:03 Horse Collar
22:56 Man-at-Arms
24:47 Wheelbarrow
24:14 Town Watch
26:35 Squires
26:22 Gambesons
27:42 Long Swordsman
28:55 Chain Mail Armor
29:56 Bow Saw
29:40 Gold Mining
30:27 Iron Casting
31:32 Gold Shaft Mining
30:58 Heavy Plow
31:45 Pikeman
33:59 Padded Archer Armor
33:49 Fletching
33:50 Halberdier
35:39 Ballistics
35:33 Fortified Wall
37:15 Hand Cart
38:34 Leather Archer Armor
38:14 Bodkin Arrow
43:47 Imperial Age
42:07 Stone Mining
43:55 Elite Composite Bowman
44:48 Fereters
46:02 Ring Archer Armor
45:32 Bracer
47:07 Arson
47:54 Plate Mail Armor
48:24 Blast Furnace
53:29 Town Patrol
Connection lost

Rejoining the realm…

Still unreachable

The connection could not be restored.

Session expired

The server has moved on; the page needs a fresh start.